 Dungeon Crawl Stone Soup version 0.28-a0-1033-g1a2f33fa85 (webtiles) character file.

Game seed: 10151856122839119640

1637 lunkers the Magician (level 9, -3/68 HPs)
             Began as a Djinni Cinder Acolyte on Dec 7, 2021.
             Was a High Priest of Ignis.
             Slain by Pikel (13 damage)
             ... on level 7 of the Dungeon.
             The game lasted 00:14:54 (7871 turns).

lunkers the Magician (Djinni Cinder Acolyte)        Turns: 7871, Time: 00:14:55

Health: -3/68      AC: 13    Str: 13    XL:     9   Next: 18%
Gold:   314        EV: 14    Int: 20    God:    Ignis [*****.] SH:  0 Dex:  9

rFire   + + +      SeeInvis .   y - staff of fire
rCold   x . .      Faith    .   (no shield)
rNeg    . . .      Spirit   .   v - +0 acid dragon scales
rPois   ∞          Reflect  .   (no helmet)
rElec   .          Harm     .   C - +2 cloak
rCorr   +          Rampage  .   (no gloves)
Will    .....                   (boots unavailable)
Stlth   +.........              (no amulet)
HPRegen 0.21/turn               n - +4 ring of protection
MPRegen 0.00/turn               e - +4 ring of evasion

@: flying, studying Staves
A: sickness immunity, fire resistance 2, cold vulnerability 1, float, innate
caster, hp casting, extra vitality 1
a: Renounce Religion, Fiery Armour, Foxfire Swarm, Rising Flame


You were on level 7 of the Dungeon.
You worshipped Ignis.
Ignis was extremely pleased with you.
You visited 1 branch of the dungeon, and saw 7 of its levels.

You collected 314 gold pieces.

Inventory:

Hand Weapons
 b - a +5 flail of protection
 k - a +1 dagger of speed
 q - a +0 dagger of venom
 r - a -1 short sword of flaming
 u - a +2 morningstar of flaming
 B - a +2 quarterstaff of chaos
Missiles
 c - 5 poisoned darts
 m - 2 throwing nets
Armour
 h - a +1 robe
 v - +0 acid dragon scales (worn)
 C - a +2 cloak (worn)
Magical Staves
 a - a staff of conjuration
 y - a staff of fire (weapon)
Jewellery
 e - a +4 ring of evasion (right hand)
 g - a ring of protection from fire
 n - a +4 ring of protection (left hand)
 x - a +6 ring of intelligence
Wands
 w - a wand of acid (13)
 A - a wand of polymorph (12)
Scrolls
 d - 3 scrolls of teleportation
Potions
 f - a potion of ambrosia
 i - 2 potions of curing
 j - a potion of resistance {unknown}
 l - a potion of mutation {unknown}
 o - a potion of lignification
 p - 2 potions of might {unknown}
 s - a potion of brilliance {unknown}
 t - 2 potions of berserk rage
 z - a potion of flight {unknown}


   Skills:
 + Level 7.0 Fighting
 - Level 2.6 Short Blades
 * Level 7.3 Spellcasting


You had 12 spell levels left.
You knew the following spells:

 Your Spells              Type           Power      Damage    Failure   Level
a - Ensorcelled Hibernat  Hex/Ice        72%        N/A       1%          2
b - Searing Ray           Conj           72%        2d7       1%          2
c - Summon Guardian Gole  Hex/Summ       36%        N/A       1%          3
o - Apportation           Tloc           72%        N/A       1%          1
p - Scorch                Fire           100%       2d10      1%          2
Your spell library was empty.

Dungeon Overview and Level Annotations

Branches:
Dungeon (7/15)
 Temple: D:4-7

Altars:
Cheibriados

Annotations:
D:7 Pikel


Innate Abilities, Weirdness & Mutations

You are immune to sickness and miasma.
You are immune to poison.
Your flesh is very heat resistant. (rF++)
You are vulnerable to cold. (rC-)
You float through the air rather than walking.
You learn spells naturally, not from books.
Your magical power is your life essence.
You have superior vitality. (+4 HP)


Message History

Confirm with . or Enter, or press ? or * to list all spells.
Restarting spell: Searing Ray (safe; 1% risk of failure)
Press: ? - help, Shift-Dir - straight line, f/p - Pikel
Aim: Pikel, wielding a +1 whip of electrocution and wearing a +0 robe (moderately wounded, fast, more vulnerable to fire, 76% to hit)
The searing ray hits Pikel.
Pikel is heavily wounded.
The searing ray hits the lemure!
The lemure is almost dead.
The searing ray misses the lemure.
The searing ray hits the howler monkey skeleton!
The howler monkey skeleton is heavily damaged. (Press . to maintain the ray.)
* * * LOW HITPOINT WARNING * * *
Pikel is no longer more vulnerable to fire.
The lemure is no longer more vulnerable to fire.
Pikel barely misses you.
Pikel says, "You'll make a fine lemure."
Pikel hits you with a +1 whip of electrocution.
* * * LOW HITPOINT WARNING * * *
The searing ray hits Pikel!
Pikel is severely wounded.
The searing ray misses the lemure.
The searing ray hits the lemure!
The lemure is severely wounded.
The searing ray hits the howler monkey skeleton!
You destroy the howler monkey skeleton!
* * * LOW HITPOINT WARNING * * *
Pikel closely misses you.
Unknown command.
The searing ray misses Pikel.
The searing ray hits the lemure.
You kill the lemure!
That felt strangely unrewarding.
The searing ray misses the lemure.
* * * LOW HITPOINT WARNING * * *
Pikel hits you with a +1 whip of electrocution.
* * * LOW HITPOINT WARNING * * *
You are electrocuted!
* * * LOW HITPOINT WARNING * * *
Pikel hits you with a +1 whip of electrocution.
* * * LOW HITPOINT WARNING * * *
You are electrocuted!
You die...

#.# #.# #.# ## #.#
.. #.# .# ##.## .#
##...## # .#
###.....########..5.
.#
#.........@K.5...#
.#
#.#.....#######...#
.# #.##....# ... .#
#.###.#.# . .# #.#
###.# .# #[# #>#
.######.# #.#
........# #.
#########


You could see Pikel (fast) and a lemure.

Vanquished Creatures
  Maggie (D:6)
  Edmund (D:3)
  A sky beast (D:6)
  3 lemures (D:7)
  2 scorpions
  A water moccasin zombie (D:6)
  A water moccasin skeleton (D:4)
  A killer bee (D:4)
  5 wights (D:6)
  A howler monkey (D:4)
  A bullfrog zombie (D:6)
  A centaur zombie (D:5)
  2 hounds
  A jelly (D:4)
  A gnoll shaman (D:4)
  2 orc priests
  Crazy Yiuf (D:6)
  A bullfrog skeleton (D:5)
  A centaur skeleton (D:4)
  3 iguanas
  2 orc wizards
  A killer bee zombie (D:5)
  A hound skeleton (D:4)
  3 gnolls (D:6)
  A howler monkey skeleton (D:7)
  4 adders
  3 ufetubi
  3 worms
  5 dart slugs
  11 orcs
  4 endoplasms
  A giant cockroach (D:4)
  11 hobgoblins
  2 quokkas
  5 ball pythons
  6 bats
  2 frilled lizards (D:2)
  5 kobolds
  10 rats
111 creatures vanquished.

Vanquished Creatures (others)
  2 fungi (D:6)
2 creatures vanquished.

Grand Total: 113 creatures vanquished

Notes
Turn   | Place    | Note
-------+----------+-------------------------------------------
     0 | D:1      | lunkers the Djinni Cinder Acolyte began the quest for the
                  | Orb.
     0 | D:1      | Reached XP level 1. HP: 20/20 MP: 0/0
   464 | D:1      | Reached XP level 2. HP: 25/25 MP: 0/0
   513 | D:1      | Found a faded altar of an unknown god.
   980 | D:1      | Identified a scroll of acquirement
   980 | D:1      | Acquired a +4 ring of evasion
  1384 | D:1      | Reached XP level 3. HP: 23/30 MP: 0/0
  1384 | D:1      | Learned a level 1 spell: Apportation
  1683 | D:2      | Reached XP level 4. HP: 17/37 MP: 0/0
  2461 | D:2      | Reached XP level 5. HP: 37/41 MP: 0/0
  2461 | D:2      | Learned a level 2 spell: Searing Ray
  3440 | D:4      | Noticed Edmund
  3460 | D:3      | HP: 2/41 [Edmund (11)]
  3667 | D:3      | Killed Edmund
  3668 | D:3      | Reached XP level 6. HP: 8/48 MP: 0/0
  4093 | D:4      | Reached XP level 7. HP: 40/53 MP: 0/0
  4093 | D:4      | Learned a level 2 spell: Ensorcelled Hibernation
  4105 | D:4      | Reached skill level 5 in Spellcasting
  4238 | D:4      | Reached skill level 5 in Fighting
  5113 | D:5      | Entered Level 5 of the Dungeon
  5516 | D:5      | Reached XP level 8. HP: 49/60 MP: 0/0
  5601 | D:5      | Found a snail-covered altar of Cheibriados.
  6466 | D:6      | Noticed Maggie
  6478 | D:6      | Killed Maggie
  6742 | D:6      | Reached XP level 9. HP: 46/67 MP: 0/0
  6742 | D:6      | Learned a level 3 spell: Summon Guardian Golem
  7674 | D:6      | Found a runed translucent door.
  7675 | D:6      | Noticed Crazy Yiuf
  7680 | D:6      | Killed Crazy Yiuf
  7856 | D:7      | Noticed Pikel
  7871 | D:7      | Slain by Pikel

Illustrated notes

Levels and vault maps discovered:
D:1:      dpeg_arrival_ratfight, layout_basic, chequers_ecumenical_altar_simple
D:2:      layout_rooms, kennysheep_generic_room_8
D:3:      layout_basic
D:4:      layout_rooms, serial_glass, glass_columns_a, glass_columns_a,
          glass_columns_c, glass_columns_a, glass_columns_c, glass_columns_c,
          enter_ossuary_5, minmay_manual_mail, uniq_edmund
D:5:      layout_rooms, kennysheep_slug_shrine, serial_park_tiny_2
D:6:      layout_gridville, uniq_crazy_yiuf_cottage, uniq_maggie
D:7:      layout_loops_ring, minmay_temple_entry_mini_moons, uniq_pikel

Skill      XL: |  1  2  3  4  5  6  7  8  9 |
---------------+----------------------------+-----
Spellcasting   | 3 4 5 7 |  7.3
Fighting       | 4 5 6 7 |  7.0
Short Blades   | |  2.6

Action                   |  1- 3 |  4- 6 |  7- 9 || total
-------------------------+-------+-------+-------++-------
Melee: Short sword       |    22 |     1 |       ||    23
       Flail             |       |     1 |       ||     1
       Staff             |       |       |     6 ||     6
 Cast: Scorch            |    29 |    72 |   103 ||   204
       Searing Ray       |       |       |    12 ||    12
  Use: Scroll            |     2 |     9 |     3 ||    14
Armor: Robe              |     5 |     6 |    10 ||    21
       Acid dragon scale |       |       |     7 ||     7
Dodge: Dodged            |    17 |    13 |    40 ||    70

Table legend: (Time is in decaauts)
 A = Elapsed time spent in this place.
 B = Non-inter-level travel time spent in this place.
 C = Inter-level travel time spent in this place.
 D = Time resting spent in this place.
 E = Time spent auto-exploring this place.
 F = Levels seen in this place.
 G = Mean time per level.
                   A        B        C        D        E       F      G
               +--------+--------+--------+--------+--------+-----+--------+
         Total |   7867 |   7745 |    122 |    573 |   6267 |   7 | 1123.9 |
       Dungeon |   7867 |   7745 |    122 |    573 |   6267 |   7 | 1123.9 |
               +--------+--------+--------+--------+--------+-----+--------+

Top non-repeatable levels by time:
     D:6: 1826 daAuts
     D:1: 1588 daAuts
     D:4: 1390 daAuts
     D:3: 1216 daAuts
     D:2: 1089 daAuts
     D:5: 692 daAuts
     D:7: 64 daAuts
